 Dungeon Crawl Stone Soup version 0.25-a0-829-g4e6a552925 (webtiles) character file.

Game seed: 14238451610628538524, levelgen mode: classic

14 EnegeticOcto the Shield-Bearer (level 2, -1/28 HPs)
             Began as a Deep Dwarf Fighter on Apr 21, 2020.
             Slain by an orc (2 damage)
             ... on level 3 of the Dungeon.
             The game lasted 00:00:21 (234 turns).

EnegeticOcto the Shield-Bearer (Deep Dwarf Fighter)  Turns: 234, Time: 00:00:22

Health: -1/28      AC:  6    Str: 19    XL:     2   Next: 31%
Magic:  2/2        EV:  7    Int:  8    God:
Gold:   24         SH:  9    Dex: 12    Spells: 1/1 levels left

rFire    . . .     SeeInvis .   a - +0 war axe
rCold    . . .     Gourm    .   c - +0 kite shield
rNeg     . . .     Faith    .   b - +0 scale mail
rPois    .         Spirit   .   (no helmet)
rElec    .         Reflect  .   (no cloak)
rCorr    .         Harm     .   (no gloves)
MR       .....                  (no boots)
Stlth    ..........             (no amulet)
HPRegen  0.00/turn              (no ring)
MPRegen  0.08/turn              (no ring)

@: non-regenerating
A: damage resistance, heal wounds, sense surroundings 1, no regeneration
a: Heal Wounds


You were on level 3 of the Dungeon.
You were not hungry.

You visited 1 branch of the dungeon, and saw 3 of its levels.

You collected 24 gold pieces.

Inventory:

Hand Weapons
 a - a +0 war axe (weapon)
Armour
 b - a +0 scale mail (worn)
 c - a +0 kite shield (worn)
Scrolls
 f - a scroll of fear {unknown}
Potions
 k - a potion of might {@q3}
Comestibles
 d - 11 chunks of flesh
 e - a ration


   Skills:
 * Level 3.0 Fighting
 * Level 2.6 Axes
 + Level 3.4 Armour
 + Level 3.4 Shields


You had one spell level left.
You didn't know any spells.
Your spell library was empty.

Dungeon Overview and Level Annotations

Branches:
Dungeon (3/15)

Altars:


Innate Abilities, Weirdness & Mutations

You are resistant to damage.
You can heal yourself by infusing magical energy.
You passively map a small area around you.
You do not regenerate.


Message History

No target in view!
You butcher the frilled lizard corpse.
d - 11 chunks of flesh (gained 1)
You see here a frilled lizard skeleton. x2
A ball python comes into view.
You see here 13 gold pieces.
A ball python is nearby!
The ball python hisses angrily.
You barely miss the ball python. You block the ball python's attack.
The ball python grabs you. The ball python constricts you.
The ball python bites you. The ball python constricts you.
Your shield prevents you from hitting the ball python.
The ball python bites you but does no damage.
The ball python constricts you.
The ball python bites you but does no damage.
The ball python constricts you.
You barely miss the ball python.
The ball python bites you but does no damage.
The ball python constricts you.
You closely miss the ball python. You block the ball python's attack.
The ball python constricts you. You block the ball python's attack.
The ball python constricts you.
You closely miss the ball python. You block the ball python's attack.
The ball python constricts you. The ball python bites you.
The ball python constricts you.
You hit the ball python.
The ball python is severely wounded.
You block the ball python's attack. The ball python constricts you.
The ball python bites you but does no damage.
The ball python constricts you.
You slash the ball python!
You kill the ball python!
Your Fighting skill increases to level 3!
No target in view!
No target in view!
No target in view!
You now have 24 gold pieces (gained 13).
An orc comes into view. It is wielding a +0 whip.
The orc shouts!
You hear a shout! x3
An orc priest comes into view. It is wielding a +0 dagger.
The orc moves out of view.
Found 23 stones.
An orc priest is nearby!
An orc comes into view. It is wielding a +1 dagger of venom.
The orc shouts!
The orc priest shouts!
Found a scroll labeled CANLOUP HERAGA.
A goblin, an orc and an orc priest come into view.
The orc shouts!
The goblin shouts!
The orc throws a boomerang.
The boomerang hits you but does no damage.
The weapon returns to the orc!
A quokka comes into view.
An orc comes into view.
The orc hits you but does no damage.
You hit the orc.
The orc is almost dead.
An orc comes into view. It is wielding a +0 club. x2
You block the orc's attack. The orc hits you.
Your scale mail prevents you from hitting the orc.
The orc is almost dead.
The orc shouts!
You hit the orc. The orc hits you but does no damage. The orc hits you.
The orc priest mumbles some strange prayers to Beogh against you.
Beogh smites you! The goblin hits you but does no damage.
You are too injured to fight recklessly!
You are too injured to fight recklessly!
You are too injured to fight recklessly!
You are too injured to fight recklessly!
You are too injured to fight recklessly!
You are too injured to fight recklessly!
You are too injured to fight recklessly!
You are too injured to fight recklessly!
You are too injured to fight recklessly!
You are too injured to fight recklessly!
You are too injured to fight recklessly!
You are too injured to fight recklessly!
You are too injured to fight recklessly!
You are too injured to fight recklessly!
You are too injured to fight recklessly!
You are too injured to fight recklessly!
You are too injured to fight recklessly!
You are too injured to fight recklessly!
You are too injured to fight recklessly!
You fail to use your ability.
The orc hits you but does no damage. You block the orc's attack.
The orc priest calls down the wrath of Beogh upon you.
Beogh smites you!
* * * LOW HITPOINT WARNING * * *
You block the goblin's attack. The quokka barely misses you.
You are too injured to fight recklessly!
You are too injured to fight recklessly!
You are too injured to fight recklessly!
You are too injured to fight recklessly!
You are too injured to fight recklessly!
You are too injured to fight recklessly!
You are too injured to fight recklessly!
You are too injured to fight recklessly!
You are too injured to fight recklessly!
You fail to use your ability.
The orc hits you but does no damage. The orc hits you.
You die... , , , ..#...... , , #.#...... ,, *,,......... , , , , #........, , , ##...o.... , ,, , *, oo.ooo...

### ### ####og..(...
*##.###.###...@o...?..,
, #..........###r......
* * #........#.#
*#...... *
##<.......#.# ..#### ,
#..รท.....##.# * .#
#.##.#...#..# * .#** ,
# *#.#.<##.## , . ,,,
#.....#. .. ,
,,*#...#.# ,


You could see 2 orc priests, 6 orcs, a quokka and a goblin.

Vanquished Creatures
  A leopard gecko (D:1)
  2 goblins
  4 hobgoblins
  A ball python (D:3)
  2 bats (D:2)
  3 frilled lizards
13 creatures vanquished.

Notes
Turn   | Place    | Note
-------+----------+-------------------------------------------
     0 | D:1      | EnegeticOcto the Deep Dwarf Fighter began the quest for the
                  | Orb.
     0 | D:1      | Reached XP level 1. HP: 20/20 MP: 1/1
    82 | D:2      | Reached XP level 2. HP: 24/27 MP: 0/2
   233 | D:3      | HP: 1/28 [orc priest/divine providence (9)]
   234 | D:3      | Slain by an orc

Levels and vault maps discovered:
D:1:      saegor_arrival_simple_e, layout_loops_ring, kennysheep_flooded_box
D:2:      layout_loops_ring, uniq_natasha, uniq_sigmund, uniq_jessica
D:3:      layout_rooms, first_ration, chequers_ecumenical_altar_twisty,
          ebering_ghost_disaster_area

Skill      XL: |  1  2 |
---------------+-------+-----
Fighting       | 3 |  3.0
Axes           | |  2.6
Armour         | |  3.4
Shields        | |  3.4

Action                   || total
-------------------------++-------
Melee: War axe           ||    52
Armor: Scale mail        ||    27
Dodge: Dodged            ||    13
Block: Kite shield       ||    34

Table legend:
 A = Non-vault XP
 B = Vault XP
 C = Vault XP percentage of total XP
 D = Non-vault monster count
 E = Vault monster count
 F = Vault count percentage of total count
                 A         B        C        D         E       F
            +---------+---------+-------+---------+---------+-------
      Total |      21 |       0 |   0.0 |      13 |       0 |   0.0
            +---------+---------+-------+---------+---------+-------
        D:1 |       9 |       0 |   0.0 |       4 |       0 |   0.0
        D:2 |      10 |       0 |   0.0 |       7 |       0 |   0.0
        D:3 |       2 |       0 |   0.0 |       2 |       0 |   0.0
            +---------+---------+-------+---------+---------+-------
